Map: Подводный мир РВ

Players

Arctur

  • Race: Terran Terran
  • Spawn Location: 11:00

Kas - Winner!

  • Race: Terran Terran
  • League: Master
  • Spawn Location: 5:00

Event: DreamHack SC2 Masters 2020 Summer Europe

VOD

Have the link to the VOD?

Description

Time

  • Played on: June 24, 2020, 1:07 p.m.
  • Length: 12:05

All games in this series

Show
View Real Time Build Order
Export as new Build Order

Arctur Terran 

Build Orders:  

Get SALT Encoding   

  12  0:00  SCV  
  13  0:14  Supply Depot  
  13  0:18  SCV  
  14  0:36  Barracks  
  14  0:42  Refinery  
  14  0:55  Barracks  
  14  1:00  SCV  
  15  1:12  SCV  
  16  1:24  Reaper  
  17  1:26  Orbital Command  
  17  1:34  Refinery  
  17  1:42  Reaper  
  18  1:51  SCV  
  19  1:54  Supply Depot  
  19  2:02  Reaper  
  19  2:03  SCV  
  21  2:14  Reaper  
  21  2:15  SCV  
  22  2:27  SCV  
  23  2:38  Reaper  
  23  2:39  SCV  
  25  2:51  SCV  
  26  3:00  Factory  
  26  3:04  SCV  
  27  3:09  Command Center  
  27  3:14  Reaper  
  27  3:15  Supply Depot  
  27  3:16  SCV  
  29  3:28  SCV  
  30  3:40  SCV  
  31  3:45  Factory Tech Lab  
  31  3:46  Starport  
  31  3:50  Command Center  
  31  3:55  SCV  
  30  4:10  Cyclone  
  30  4:12  SCV  
  34  4:20  Supply Depot  
  34  4:24  SCV  
  34  4:27  Viking  
  37  4:36  SCV  
  38  4:42  Bunker  
  38  4:46  Cyclone  
  38  4:47  Refinery  
  38  4:48  SCV  
  42  4:57  Orbital Command  
  42  5:00  Starport Tech Lab, SCV  
  43  5:12  Orbital Command  
  43  5:15  SCV  
  43  5:16  Barracks  
  44  5:23  SCV  
  44  5:25  Refinery, Raven  
  44  5:27  SCV  
  48  5:35  SCV  
  49  5:39  SCV x2  
  49  5:42  Supply Depot  
  51  5:47  SCV  
  51  5:49  Barracks Reactor  
  51  5:50  Siege Tank  
  51  5:51  SCV  
  51  5:52  SCV  
  56  5:59  SCV  
  56  6:03  SCV  
  56  6:04  SCV  
  56  6:11  SCV  
  56  6:15  SCV  
  56  6:16  SCV  
  56  6:18  Barracks  
  59  6:20  Starport Reactor  
  59  6:21  Stimpack, Marine  
  59  6:22  Siege Tank  
  59  6:23  SCV  
  59  6:25  Supply Depot x2  
  64  6:28  SCV x2  
  66  6:35  Marine x2, SCV  
  66  6:39  Marine  
  68  6:40  SCV  
  68  6:42  SCV  
  68  6:45  Orbital Command  
  67  6:48  SCV  
  67  6:53  Marine x2  
  67  6:54  Engineering Bay  
  70  6:55  Engineering Bay, SCV  
  70  7:01  Siege Tank  
  74  7:05  Marine, Barracks Reactor  
  74  7:06  SCV  
  76  7:11  Marine x2  
  76  7:12  SCV  
  76  7:13  SCV  
  76  7:15  Supply Depot  
  80  7:18  SCV  
  81  7:23  Marine  
  81  7:24  SCV  
  81  7:25  SCV  
  81  7:28  Marine  
  81  7:29  Marine  
  86  7:31  SCV  
  86  7:36  Terran Infantry Weapons Level 1, Terran Infantry Armor Level 1  
  86  7:39  SCV  
  86  7:41  Marine  
  86  7:42  Supply Depot, SCV  
  86  7:43  Refinery, Supply Depot, Marine x2  
  91  7:45  Refinery  
  91  7:46  Marine x2  
  91  7:50  Siege Tank  
  95  7:52  SCV  
  95  7:56  Supply Depot  
  96  7:58  Marine  
  96  8:01  Marine  
  96  8:02  SCV  
  96  8:05  SCV  
  94  8:08  Marine x2, Medivac x2  
  94  8:09  Marine  
  94  8:11  SCV  
  98  8:16  Combat Shield, Marine  
  98  8:19  Marine  
  100  8:22  Siege Tank  
  100  8:25  Marine x2, SCV x2  
  100  8:27  Marine  
  107  8:28  SCV  
  109  8:34  Marine  
  109  8:37  Marine, SCV  
  109  8:40  SCV  
  106  8:41  Medivac  
  106  8:42  Medivac  
  106  8:43  Marine x2, SCV  
  106  8:44  Marine  
  114  8:52  Marine  
  114  8:54  Siege Tank  
  114  8:55  Marine  
  119  8:58  SCV  
  119  9:01  Marine x2  
  119  9:02  Marine  
  120  9:06  Armory  
  121  9:10  Marine  
  121  9:11  Medivac, Barracks x2  
  121  9:12  Marine, Medivac  
  121  9:13  SCV  
  128  9:19  Marine x2  
  129  9:24  SCV  
  129  9:25  SCV  
  129  9:26  Siege Tank, Supply Depot x2  
  129  9:28  Marine  
  129  9:30  Marine  
  125  9:37  Marine x3  
  120  9:41  Medivac x2  
  109  9:46  Marine  
  109  9:48  Marine  
  100  9:55  Marine x3  
  100  9:58  Siege Tank  
  104  10:03  Marine  
  104  10:05  Marine  
  104  10:06  SCV  
  99  10:08  SCV  
  99  10:11  Medivac x2  
  99  10:12  Marine x2  
  99  10:13  Marine x3  
  106  10:18  SCV  
  97  10:21  Marine  
  97  10:22  SCV  
  97  10:23  Marine  
  74  10:29  Marine  
  74  10:30  Marine x3, SCV  
  74  10:31  Marine  
  78  10:39  Marine  
  78  10:41  Siege Tank, Medivac x2  
  85  10:50  Command Center  
  85  10:54  Marine  
  85  10:55  Barracks Reactor  
  85  10:57  Barracks Reactor  
  86  11:00  Marine x2  
  88  11:18  Marine x2  
  88  11:24  Siege Tank  
  93  11:28  Marine x2  
  93  11:31  Marine x2  
  95  11:35  Marine x2  
  95  11:37  Marine x3  
  98  11:43  Supply Depot  
  98  11:46  Marine x2  
Show
View Real Time Build Order
Export as new Build Order

Kas Terran - Winner!

Build Orders:  

Get SALT Encoding   

  12  0:01  SCV  
  13  0:13  SCV  
  14  0:17  Supply Depot  
  14  0:25  SCV  
  14  0:27  Refinery  
  15  0:38  SCV  
  16  0:44  Barracks  
  16  0:50  SCV  
  16  0:53  Refinery  
  17  1:02  SCV  
  18  1:14  SCV  
  19  1:31  Orbital Command  
  19  1:32  Factory  
  19  1:34  Reaper  
  20  1:45  Supply Depot  
  20  1:57  SCV  
  20  2:13  Reaper  
  20  2:19  Hellion  
  20  2:22  SCV  
  20  2:39  SCV  
  20  2:40  Hellion  
  23  2:49  Reaper  
  24  2:51  SCV  
  25  3:02  Hellion  
  25  3:03  SCV  
  28  3:10  Command Center  
  28  3:15  Supply Depot, SCV  
  29  3:28  SCV  
  30  3:35  Barracks Tech Lab  
  30  3:37  Hellion  
  30  3:40  SCV  
  33  3:43  Starport  
  33  3:52  SCV  
  32  4:04  SCV  
  31  4:11  Cyclone  
  31  4:16  SCV  
  35  4:20  Starport Tech Lab  
  35  4:22  Orbital Command  
  35  4:28  SCV  
  35  4:31  Barracks Reactor  
  36  4:39  Raven  
  36  4:40  SCV  
  36  4:43  Siege Tank, Refinery  
  36  4:44  Orbital Command  
  42  4:52  SCV  
  43  5:04  SCV  
  44  5:10  SCV  
  44  5:13  Marine x2  
  47  5:15  Siege Tank  
  47  5:16  SCV  
  47  5:18  Supply Depot x2  
  51  5:22  SCV  
  52  5:29  SCV  
  52  5:34  SCV  
  54  5:39  Raven, Marine x2  
  54  5:41  SCV  
  59  5:46  SCV  
  59  5:47  Siege Tank  
  63  5:53  SCV  
  64  5:57  Marine, Command Center  
  57  6:13  SCV x2  
  57  6:18  Supply Depot  
  61  6:19  Siege Tank  
  61  6:20  Engineering Bay x2  
  62  6:30  SCV  
  62  6:32  Marine, Viking x2  
  68  6:36  SCV  
  69  6:42  SCV  
  68  6:48  Terran Infantry Weapons Level 1, Terran Infantry Armor Level 1, SCV, Barracks  
  68  6:50  Barracks  
  68  6:51  Refinery  
  69  6:54  SCV  
  69  7:00  Siege Tank, Marine  
  74  7:02  SCV  
  74  7:05  Supply Depot  
  74  7:06  Supply Depot  
  75  7:09  SCV  
  75  7:11  Orbital Command  
  76  7:16  Viking  
  76  7:18  Marine  
  76  7:22  Viking  
  80  7:23  SCV x2  
  82  7:37  Barracks Reactor x2  
  82  7:40  Orbital Command, Barracks  
  82  7:41  SCV x2  
  82  7:42  Barracks  
  82  7:43  Marine  
  85  7:47  Siege Tank  
  85  7:51  Supply Depot x2  
  88  7:53  SCV  
  88  7:54  SCV  
  90  8:00  Marine  
  91  8:08  SCV  
  91  8:09  Viking x2  
  91  8:11  SCV  
  97  8:15  Armory  
  97  8:16  SCV  
  97  8:17  Marine x3  
  97  8:18  Marine  
  97  8:19  Marine  
  103  8:20  SCV  
  103  8:25  SCV  
  107  8:35  Marine x3  
  107  8:36  Marine  
  107  8:37  Barracks Reactor  
  107  8:38  Barracks Reactor  
  107  8:40  Marine  
  110  8:42  Siege Tank, Medivac x2  
  110  8:43  SCV x2  
  110  8:44  SCV  
  120  8:53  Marine x3  
  123  8:59  Marine x2  
  123  9:02  SCV x2  
  120  9:04  Terran Infantry Weapons Level 2  
  120  9:05  Supply Depot  
  120  9:07  Supply Depot  
  120  9:11  Marine x3  
  123  9:17  Marine x2, Terran Infantry Armor Level 2  
  125  9:26  Marine x4  
  125  9:27  Refinery x2, SCV x2, Sensor Tower  
  131  9:32  Marine  
  131  9:33  Stimpack  
  131  9:34  Marine  
  131  9:35  Marine  
  131  9:36  Marine x2  
  123  9:42  Orbital Command  
  123  9:44  Marine x4  
  111  9:50  Marine  
  111  9:51  Marine  
  110  9:53  Marine x3  
  110  9:55  Viking  
  112  10:02  Marine x4  
  113  10:08  Marine  
  113  10:09  Marine  
  113  10:11  Supply Depot, Marine x3  
  118  10:16  Supply Depot  
  118  10:20  Marine x4  
  120  10:25  Orbital Command  
  120  10:26  Marine  
  120  10:27  Marine  
  115  10:29  Marine  
  115  10:30  Marine x2  
  111  10:36  SCV x2  
  111  10:37  Marine x3  
  111  10:38  Siege Tank  
  111  10:39  Medivac x2  
  123  10:43  Marine x2  
  123  10:47  Marine  
  123  10:48  SCV  
  123  10:49  SCV  
  128  10:55  Marine x4  
  132  11:03  Factory  
  132  11:07  Marine  
  132  11:08  Marine x4  
  137  11:12  Supply Depot, Marine  
  137  11:13  Marine x2  
  140  11:19  Marine  
  140  11:25  Marine x5  
  141  11:26  Siege Tank  
  141  11:27  Supply Depot  
  141  11:28  Medivac x2  
  141  11:29  Supply Depot, SCV  
  141  11:30  Marine  
  153  11:41  Marine x3  
  153  11:43  Marine x5  
  159  11:50  Factory Tech Lab  
Tags
 
Add a new tag
Caveats
  • Supply blocks, unpowered buildings, or Contaminate may cause inaccurate times.
  • Supply counts are checked every 10 seconds.